AoeStats
← SAFIRA

Arena

510004519Analyzed
4v4 RM · 4d ago on Sep 29, 2026· 39m 28s· 8 players
Game mode
Random Map
Map size
Large (8 player)
Population
200
Speed
Normal
Resources
Standard
Victory
Conquest
Starting age
Dark Age
Ending age
Imperial Age
RankedLock teamsTeams togetherTeam positionsShared explorationLock speedFull tech treeHidden civsTurbo modeCheats
Victory
Defeat
🇺🇸 Poles · United States
789
+9
🇳🇿 Malay · New Zealand
758
+10
🇹🇷 Khmer · Türkiye
720
+12
🇨🇳 Wei · China
333
+27
🇦🇷 Franks · Argentina
759
-20
🇧🇷 Tupi · Brazil
656
-16
🇺🇸 Aztecs · United States
544
-12
🇦🇷 Huns · Argentina
511
-10
Cuauhocelotl831
0:50 Loom
20:34 Feudal Age
21:35 Stone Mining
24:23 Wheelbarrow
26:35 Castle Age
29:53 Double-Bit Axe
ezequielb89
0:48 Loom
15:31 Feudal Age
16:53 Wheelbarrow
16:04 Town Watch
16:42 Gold Mining
20:25 Horse Collar
23:16 Double-Bit Axe
26:48 Arson
26:31 Man-at-Arms
27:31 Bloodlines
30:42 Castle Age
30:46 Light Cavalry
31:00 Crossbowman
31:01 Elite Skirmisher
31:55 Thumb Ring
32:00 Squires
31:21 Pikeman
32:21 Long Swordsman
33:24 Husbandry
35:28 Hand Cart
35:14 Town Patrol
SAFIRA
3:28 Loom
14:08 Feudal Age
15:29 Wheelbarrow
14:42 Town Watch
16:25 Champi Runner
17:23 Double-Bit Axe
18:37 Arson
20:30 Horse Collar
24:52 Castle Age
26:18 Squires
25:39 Champi Warrior
28:54 Fletching
29:04 Padded Archer Armor
29:15 Forging
Montaraz
2:15 Loom
13:29 Feudal Age
19:02 Castle Age
19:49 Stone Mining
19:50 Gold Mining
22:25 Scale Barding Armor
24:43 Wheelbarrow
25:26 Gold Shaft Mining
24:38 Town Watch
25:41 Caravan
26:12 Coinage
25:50 Double-Bit Axe
28:25 Husbandry
28:44 Forging
28:55 Chain Barding Armor
2SK3TCHY
9:34 Loom
11:20 Feudal Age
12:52 Double-Bit Axe
12:50 Horse Collar
13:05 Gold Mining
13:09 Stone Mining
17:46 Castle Age
18:00 Wheelbarrow
17:50 Bloodlines
20:22 Hand Cart
21:01 Stone Shaft Mining
23:57 Husbandry
24:24 Fervor
24:34 Bow Saw
25:49 Scale Barding Armor
31:17 Chain Barding Armor
31:00 Fletching
31:21 Forging
31:11 Scale Mail Armor
33:33 Heavy Plow
39:40 Imperial Age
MC0LEE
0:29 Loom
19:16 Feudal Age
22:28 Castle Age
20:09 Horse Collar
20:20 Gold Mining
20:20 Stone Mining
20:16 Double-Bit Axe
23:10 Heavy Plow
23:47 Stone Shaft Mining
23:47 Gold Shaft Mining
23:23 Bow Saw
25:43 Wheelbarrow
24:53 Town Watch
28:09 Hand Cart
27:55 Town Patrol
34:43 Imperial Age
33:07 Coinage
32:38 Caravan
33:52 Padded Archer Armor
33:42 Fletching
34:02 Forging
34:01 Scale Barding Armor
33:57 Scale Mail Armor
34:19 Ballistics
34:09 Fortified Wall
33:54 Murder Holes
34:10 Masonry
35:06 Leather Archer Armor
35:17 Bodkin Arrow
36:30 Banking
38:14 Crop Rotation
38:06 Chain Barding Armor
38:21 Iron Casting
38:02 Chain Mail Armor
38:49 Chemistry
38:21 Architecture
37:56 Siege Engineers
39:25 Ring Archer Armor
38:56 Bracer
38:49 Heated Shot
38:50 Guard Tower
39:05 Siphons
39:10 Clinker Construction
39:11 Careening
39:38 Conscription
39:18 Double Crossbow
39:19 Tusk Swords
38:39 Elite Ballista Elephant
38:51 Light Cavalry
39:42 Bloodlines
39:34 Husbandry
39:07 Pikeman
39:09 Man-at-Arms
39:35 Arson
40:30 Hoardings
39:33 Sappers
39:26 Elite Skirmisher
xxx_Panther_xxx1
9:45 Loom
11:31 Feudal Age
14:26 Double-Bit Axe
20:31 Castle Age
21:27 Fletching
25:12 Horse Collar
27:03 Husbandry
27:17 Forging
28:50 Scale Barding Armor
29:44 Bodkin Arrow
36:33 Imperial Age
35:37 Wheelbarrow
34:48 Town Watch
38:12 Ballistics
38:46 Hand Cart
38:31 Town Patrol
Elite Savage
11:30 Feudal Age
12:23 Double-Bit Axe
12:20 Horse Collar
15:21 Castle Age
14:42 Wheelbarrow
16:14 Bow Saw
16:14 Heavy Plow
21:21 Hand Cart
21:44 Gold Mining
22:15 Loom
23:10 Stone Mining
24:26 Gold Shaft Mining
24:08 Treadmill Crane
25:53 Stone Shaft Mining
28:54 Imperial Age
27:05 Scale Barding Armor
28:16 Tuntian
28:30 Forging
28:40 Chain Barding Armor
28:57 Bloodlines
28:47 Husbandry
30:03 Conscription
29:38 Town Watch
30:29 Crop Rotation
32:42 Elite Tiger Cavalry
34:10 Ming Guang Armor
35:03 Spies/Treason
37:25 Ballistics
38:05 Chemistry
37:31 Fletching
38:17 Iron Casting
38:54 Fletching
40:07 Blast Furnace
38:58 Fletching
Connection lost

Rejoining the realm…

Still unreachable

The connection could not be restored.

Session expired

The server has moved on; the page needs a fresh start.